 Dungeon Crawl Stone Soup version 0.24.0-123-gd5b16e6ec5 (webtiles) character file.

Game seed: 18183425951229381576, levelgen mode: deterministic

93 lepoulpe303 the Conjurer (level 4, -1/18 HPs)
             Began as a Felid Conjurer on Dec 17, 2019.
             Killed from afar by an orc wizard (6 damage)
             ... with a magic dart
             ... on level 3 of the Dungeon.
             The game lasted 00:14:31 (4354 turns).

lepoulpe303 the Conjurer (Felid Conjurer)           Turns: 4354, Time: 00:14:32

Health: -1/18      AC:  1    Str:  4    XL:     4   Next: 37%
Magic:  1/9        EV: 19    Int: 17    God:
Gold:   111        SH:  0    Dex: 16    Spells: 3/9 levels left
                                        Lives:  0   Deaths: 1

rFire    . . .     SeeInvis +     - Unarmed
rCold    . . .     Gourm    .   (shield unavailable)
rNeg     . . .     Faith    .   (armour unavailable)
rPois    .         Spirit   .   (helmet unavailable)
rElec    .         Reflect  .   (cloak unavailable)
rCorr    .         Harm     .   (gloves unavailable)
MR       .....                  (boots unavailable)
Stlth    +++.......             (no amulet)
HPRegen  0.06/turn              (no ring)
MPRegen  0.11/turn              (no ring)

@: very slightly contaminated, quick
A: very small, no armour, no weapons or thrown items, stealth, claws 1, fangs 3,
see invisible, carnivore, speed 1, shaggy fur 1, slow metabolism 1, sharp paws
a: no special abilities


You were on level 3 of the Dungeon.
You were not hungry.

You visited 1 branch of the dungeon, and saw 3 of its levels.

You collected 111 gold pieces.

Inventory:

Scrolls
 a - 4 scrolls of identify {unknown}
 c - 2 scrolls of amnesia {unknown}
 f - a scroll of fog {unknown}
 h - 2 scrolls of teleportation {unknown}
Potions
 b - a potion of curing {unknown}
 d - a potion of brilliance {unknown}
 i - a potion of heal wounds {unknown}
 j - a potion of ambrosia {unknown}
Comestibles
 e - 5 rations


   Skills:
 + Level 3.6 Dodging
 + Level 3.6 Stealth
 + Level 1.1 Unarmed Combat
 * Level 3.0 Spellcasting
 * Level 4.3 Conjurations
 * Level 1.8 Hexes


You had 3 spell levels left.
You knew the following spells:

 Your Spells              Type           Power        Failure   Level  Hunger
a - Magic Dart            Conj           ###.         3%          1    None
b - Searing Ray           Conj           ###...       4%          2    ##.....
c - Dazzling Spray        Conj/Hex       ##....       16%         3    ###....

Your spell library contained the following spells:

 Spells                   Type           Power        Failure   Level  Hunger
 Iskenderun's Mystic Bla  Conj           ###.....     30%         4    ####...
 Fulminant Prism          Conj/Hex       ##........   45%         4    ####...
 Force Lance              Conj/Tloc      #.......     58%         4    ####...


Dungeon Overview and Level Annotations

Branches:
Dungeon (3/15)

Altars:
Cheibriados
Qazlal
Uskayaw


Innate Abilities, Weirdness & Mutations

You cannot wear armour.
You are incapable of wielding weapons or throwing items.
Your paws allow you to move quietly. (Stealth)
You have sharp claws.
You have razor-sharp teeth.
You have supernaturally acute eyesight. (SInv)
You are carnivorous and can eat meat at any time.
You cover ground quickly.
You are covered in fur. (AC +1)
You have a slow metabolism.
Your sharp claws are effective at attacking unaware monsters.


Message History

Aim: an orc wizard, wielding a +0 dagger and wearing a +0 robe (heavily wounded, fast)
The magic dart hits the orc wizard.
* * * LOW MAGIC WARNING * * *
You now have 0/9 mp.
You scratch the orc wizard but do no damage.
The orc wizard hits you with a +0 dagger.
* * * LOW HITPOINT WARNING * * *
You take 2 damage, and have 5/18 hp.
You scratch the orc wizard but do no damage.
The orc wizard completely misses you. The orc wizard misses you.
You scratch the orc wizard. The orc wizard closely misses you.
You closely miss the orc wizard.
The orc wizard hits you with a +0 dagger.
* * * LOW HITPOINT WARNING * * *
The orc wizard mumbles some strange words.
The orc wizard blinks!
You take 1 damage, and have 4/18 hp.
The orc wizard gestures at you while chanting.
The magic dart hits you.
You die...

##.....#######.#
....... ...##### #.#
....... .8.## ..#
.....o. o...# ###
......o ....## ..
..#..# #.#####. ..
)_#..# #......# .###
..#..# ### #.# ...
.....###.#### #@# ..#
........#...####.# ..#
.8...).###....##.###..#
#
....#.#.#.#.#.##.o...o#
....#.#..)..#.#####...#
#####.#.##..#.# #...#
##.## #..........#
#...# #....
#...)ยง.....## #...#
#.... #.##........#
#...# #.###


You could see an orc wizard.

Levels and vault maps discovered:
D:1:      minmay_arrival_four_circles, layout_basic
D:2:      layout_basic
D:3:      layout_loops_cross, lemuel_zombie_altar_yredelemnul,
          lemuel_crystal_altar, eat_drink_and_be_merry_uskayaw,
          cheibriados_altar_1, first_ration

Notes
Turn   | Place    | Note
-------+----------+-------------------------------------------
     0 | D:1      | lepoulpe303 the Felid Conjurer began the quest for the Orb.
     0 | D:1      | Reached XP level 1. HP: 7/7 MP: 4/4
   166 | D:1      | Reached XP level 2. HP: 7/11 MP: 4/6
   170 | D:1      | Learned a level 2 spell: Searing Ray
   186 | D:1      | Identified a +0 club
   448 | D:1      | Identified a +0 club
   520 | D:1      | Reached skill level 3 in Dodging
   520 | D:1      | Reached skill level 3 in Stealth
   695 | D:1      | Identified a +0 short sword
   939 | D:1      | Identified a +0 short sword
  1231 | D:1      | Identified a +0 whip
  1235 | D:1      | Reached XP level 3. HP: 14/14 MP: 4/7
  1291 | D:1      | Learned a level 3 spell: Dazzling Spray
  1489 | D:2      | Identified a +0 dagger
  1518 | D:2      | Identified a +0 dagger
  1786 | D:2      | Identified a +0 club
  1859 | D:2      | Reached skill level 4 in Conjurations
  1949 | D:2      | Identified a potion of resistance
  1960 | D:2      | HP: 3/14 [poisoned by an adder]
  2832 | D:2      | Identified a +0 club
  3060 | D:3      | Found a stormy altar of Qazlal.
  3144 | D:3      | Identified a +0 club
  3194 | D:3      | Found a hide-covered altar of Uskayaw.
  3200 | D:3      | Reached XP level 4. HP: 17/18 MP: 4/9
  3232 | D:3      | Found a snail-covered altar of Cheibriados.
  3246 | D:3      | Identified a +0 flail
  3247 | D:3      | Identified a +0 dagger
  3247 | D:3      | Identified a +0 dagger
  3247 | D:3      | Identified a +0 robe
  3248 | D:3      | Identified a +0 whip
  3670 | D:3      | Identified a +0 dagger
  3670 | D:3      | Identified a +0 robe
  3670 | D:3      | Identified a +0 dagger
  3670 | D:3      | Identified a +0 leather armour
  3670 | D:3      | Identified a +0 falchion
  3670 | D:3      | Identified a +0 leather armour
  3814 | D:3      | HP: 3/18 [orc priest/+0 falchion (2)]
  3819 | D:3      | Killed from afar by an orc priest
  3820 | D:3      | Reached XP level 3. HP: -9/14 MP: 0/8
  3830 | D:3      | Reached skill level 1 in Hexes
  3840 | D:3      | HP: 1/14 [orc priest/nerve-wracking pain (7)]
  3841 | D:3      | Reached skill level 1 in Unarmed Combat
  3841 | D:3      | Reached skill level 3 in Spellcasting
  3841 | D:3      | Reached XP level 4. HP: 1/18 MP: 1/9
  4125 | D:3      | Identified a +0 mace
  4125 | D:3      | Identified a +0 scale mail
  4350 | D:3      | HP: 4/18 [orc wizard/+0 dagger (1)]
  4354 | D:3      | Killed from afar by an orc wizard

Table legend:
 A = Turns spent in this place as a percentage of turns spent in the entire game.
 B = Non-inter-level travel turns spent in this place as a percentage of non-inter-level travel turns spent in the entire game.
 C = Inter-level travel turns spent in this place as a percentage of turns spent in this place.
 D = Turns resting spent in this place as a percentage of non-inter-level travel turns spent in this place.
 E = Turns spent auto-exploring this place as a percentage of non-inter-level travel turns spent in this place.
 F = Non-inter-level travel turns spent in this place divided by the number of levels of this place that you've seen.
                   A       B       C       D       E      F
               +-------+-------+-------+-------+-------+----------------------
         Total | 100.0 | 100.0 |   8.2 |  42.6 |  42.8 | 1332.0
       Dungeon | 100.0 | 100.0 |   8.2 |  42.6 |  42.8 | 1332.0
               +-------+-------+-------+-------+-------+----------------------

Table legend:
 A = Kills in this place as a percentage of kills in entire the game.
 B = Kills by you in this place as a percentage of kills by you in the entire game.
 C = Kills by friends in this place as a percentage of kills by friends in the entire game.
 D = Other kills in this place as a percentage of other kills in the entire game.
 E = Experience gained in this place as a percentage of experience gained in the entire game.
 F = Experience gained in this place divided by the number of levels of this place that you have seen.
                   A       B       C       D       E      F
               +-------+-------+-------+-------+-------+----------------------
         Total | 100.0 | 100.0 |   N/A |   N/A | 100.0 |  66.7
       Dungeon | 100.0 | 100.0 |   N/A |   N/A | 100.0 |  66.7
               +-------+-------+-------+-------+-------+----------------------

Skill      XL: |  1  2  3 |
---------------+----------+-----
Dodging        | 3 |  3.6
Stealth        | 3 |  3.6
Conjurations   | 4 |  4.3
Hexes          | 1 |  1.8
Unarmed Combat | 1 |  1.1
Spellcasting   | 3 |  3.0

Action                   |  1- 3 |  4- 6 || total
-------------------------+-------+-------++-------
Melee: Unarmed           |    26 |     6 ||    32
       Bite              |     2 |     1 ||     3
 Cast: Magic Dart        |    66 |    22 ||    88
       Searing Ray       |    12 |    10 ||    22
  Use: Potion            |     1 |       ||     1
 Stab: Sleeping          |     1 |       ||     1
  Eat: Chunk             |    13 |       ||    13
Armor: Skin              |     7 |       ||     7
Dodge: Dodged            |    48 |     6 ||    54

Vanquished Creatures
  An orc priest (D:3)
  An orc wizard (D:3)
  3 adders
  An ooze (D:1)
  A worm (D:2)
  3 leopard geckos
  4 orcs (D:3)
  A goblin (D:2)
  4 hobgoblins
  4 jackals (D:1)
  7 kobolds
  3 ball pythons
  8 bats
  3 frilled lizards
  3 rats
47 creatures vanquished.
